cohdb
Replays
Latest Replays
All Replays
Popular Replays
Top Player Replays
Match Explorer
How It Works
Community
CoH3 Stats
Reddit
Sign in to upload your games and track your stats! →
Sign in with Steam
Match 45122549
Unlisted
Match 45122549
Overview
Messages
Build Orders
End
Kradschützen Motorcycle Team
Kradschützen Motorcycle Team
Panzergrenadier Squad
Panzergrenadier Squad
Construct Light Support Kompanie
Panzergrenadier Squad
2.5-tonne Medical Truck
Panzergrenadier Squad
Fire Support Elements
Pak 38 Anti-tank Gun Team
Forward Retreat Point
MG34 Team
(QT) THE'OO
咯咯
I Wumbo, You Wumbo
Unsafe
JBossch
Dark Lord Cthulhu
掉线学说
Mowferless
0
0
Comments
sign in to comment!
No comments posted yet!